Map: Proxima Station LE

Players

ValueMeal

  • Race: Protoss Protoss
  • League: Gold
  • Spawn Location: 1:00

Pirateskullz - Winner!

  • Race: Terran Terran
  • League: Gold
  • Spawn Location: 7:00

VOD

Have the link to the VOD?

Description

Time

  • Played on: April 17, 2017, 6:48 p.m.
  • Length: 12:29
Show
View Real Time Build Order
Export as new Build Order

ValueMeal Protoss 

Build Orders: 1 Gate Expand 

Get SALT Encoding   

  12  0:01  Probe (Chrono Boost)  
  13  0:11  Probe (Chrono Boost)  
  14  0:18  Pylon  
  14  0:25  Probe (Chrono Boost)  
  15  0:36  Probe (Chrono Boost)  
  15  0:38  Gateway  
  16  0:47  Probe (Chrono Boost)  
  16  0:49  Assimilator  
  17  0:57  Probe (Chrono Boost)  
  18  1:08  Probe (Chrono Boost)  
  19  1:19  Probe (Chrono Boost)  
  20  1:40  Nexus  
  20  1:41  Probe (Chrono Boost)  
  21  1:51  Assimilator, Probe (Chrono Boost)  
  22  1:57  Cybernetics Core  
  22  2:03  Pylon, Probe (Chrono Boost)  
  23  2:21  Probe (Chrono Boost)  
  24  2:31  Gateway, Probe (Chrono Boost)  
  24  2:35  Stalker  
  27  2:42  Probe (Chrono Boost)  
  28  2:46  Warp Gate  
  28  2:53  Mothership Core (Chrono Boost)  
  28  2:54  Probe (Chrono Boost)  
  28  2:57  Pylon  
  29  3:19  Probe x2 (Chrono Boost)  
  30  3:26  Adept  
  32  3:33  Probe (Chrono Boost)  
  32  3:34  Robotics Facility  
  33  3:35  Adept  
  33  3:37  Probe (Chrono Boost)  
  36  3:44  Probe (Chrono Boost)  
  37  3:49  Twilight Council, Probe (Chrono Boost)  
  37  3:55  Probe (Chrono Boost)  
  39  4:00  Probe (Chrono Boost)  
  39  4:05  Probe (Chrono Boost)  
  40  4:10  Adept x2, Probe (Chrono Boost)  
  40  4:15  Pylon  
  40  4:16  Probe (Chrono Boost)  
  46  4:21  Observer, Probe (Chrono Boost)  
  46  4:23  Resonating Glaives  
  48  4:32  Probe (Chrono Boost)  
  48  4:34  Probe (Chrono Boost)  
  48  4:35  Assimilator  
  50  4:43  Probe (Chrono Boost)  
  52  4:46  Probe (Chrono Boost)  
  52  4:51  Immortal  
  52  4:53  Adept x2, Pylon  
  60  5:02  Probe (Chrono Boost)  
  60  5:04  Probe (Chrono Boost)  
  62  5:11  Pylon  
  62  5:17  Probe (Chrono Boost)  
  62  5:19  Assimilator  
  62  5:20  Adept x2  
  62  5:21  Pylon  
  67  5:27  Gateway  
  67  5:29  Observer  
  67  5:30  Gateway  
  68  5:44  Stalker  
  68  5:45  Stalker  
  68  5:46  Pylon  
  68  5:49  Pylon  
  72  5:51  Probe (Chrono Boost)  
  72  5:52  Probe (Chrono Boost)  
  73  6:04  Immortal  
  77  6:11  Stalker x2  
  77  6:12  Gateway x2  
  80  6:35  Adept x2  
  80  6:37  Adept x2  
  88  6:41  Immortal  
  92  6:51  Probe (Chrono Boost)  
  92  6:52  Probe (Chrono Boost)  
  94  6:57  Adept  
  94  6:58  Adept x3  
  102  7:23  Blink  
  102  7:24  Pylon  
  102  7:28  Pylon  
  102  7:29  Pylon  
  102  7:37  Immortal  
  106  7:49  Adept x6  
  118  8:00  Probe (Chrono Boost)  
  118  8:02  Probe (Chrono Boost)  
  106  8:26  Adept x3  
  106  8:27  Adept  
  92  8:55  Forge  
  92  8:57  Nexus  
  92  8:58  Forge  
  92  9:02  Gateway  
  92  9:03  Gateway  
  92  9:08  Gateway  
  86  9:24  Protoss Ground Weapons Level 1, Protoss Ground Armor Level 1  
  86  9:26  Adept x2  
  86  9:27  Adept x2  
  94  9:40  Pylon  
  94  9:42  Pylon  
  94  9:47  Pylon  
  94  9:49  Pylon  
  94  9:52  Pylon  
  94  9:56  Robotics Bay  
  96  10:00  Probe x2 (Chrono Boost)  
  96  10:02  Robotics Facility  
  94  10:19  Adept  
  94  10:20  Adept x5  
  67  10:46  Adept x6  
  67  11:06  Adept x2  
  67  11:07  Adept x2  
  59  11:18  Adept x2  
  56  11:27  Adept x3  
  50  11:33  Mothership Core (Chrono Boost)  
  41  11:40  Adept x3  
  24  11:48  Probe (Chrono Boost)  
  24  11:51  Adept, Probe (Chrono Boost)  
  14  11:58  Probe (Chrono Boost)  
  15  12:01  Probe (Chrono Boost)  
  15  12:06  Adept  
  17  12:09  Probe (Chrono Boost)  
  17  12:12  Probe (Chrono Boost)  
  19  12:23  Adept  
Show
View Real Time Build Order
Export as new Build Order

Pirateskullz Terran - Winner!

Build Orders: Reaper Expand 

Get SALT Encoding   

  12  0:01  SCV  
  13  0:14  SCV  
  13  0:18  Supply Depot  
  14  0:27  SCV  
  15  0:40  SCV  
  15  0:42  Barracks  
  16  0:49  Refinery  
  16  0:52  SCV  
  17  1:10  SCV  
  17  1:11  Supply Depot  
  18  1:36  Command Center  
  18  1:41  Reaper  
  18  1:49  Orbital Command  
  18  2:02  Barracks  
  18  2:20  SCV  
  19  2:24  Barracks Reactor  
  19  2:33  SCV  
  20  2:40  Factory  
  21  3:27  Marine x2  
  21  3:30  Barracks Reactor  
  21  3:31  Barracks  
  21  3:33  Barracks, Factory Tech Lab  
  22  3:34  SCV  
  22  3:37  Orbital Command  
  23  3:45  Marine x2  
  23  3:46  SCV  
  26  4:02  Marine x2  
  25  4:03  Siege Tank  
  31  4:10  SCV x2  
  32  4:22  SCV x2, Marine x2  
  32  4:23  Marine  
  37  4:26  Barracks Reactor x2  
  37  4:32  Marine  
  37  4:34  SCV  
  39  4:40  Marine  
  39  4:45  SCV  
  41  4:46  SCV  
  41  4:48  Supply Depot  
  41  4:49  Supply Depot  
  42  4:54  Hellion  
  42  4:56  Marine x2  
  46  5:01  Supply Depot  
  46  5:14  Marine x3  
  46  5:15  Marine x5  
  46  5:17  Siege Tank  
  57  5:24  SCV x2  
  59  5:32  Marine x4  
  59  5:33  Marine  
  64  5:36  SCV x2  
  64  5:41  Marine x3  
  69  5:50  Marine  
  69  5:52  Supply Depot  
  69  5:53  Supply Depot  
  69  5:54  Supply Depot  
  70  5:58  Marine x2  
  70  6:15  Marine x2  
  70  6:16  Marine x5  
  70  6:17  Siege Tank  
  80  6:23  SCV x2  
  82  6:29  Barracks  
  82  6:30  Marine  
  83  6:33  Marine  
  83  6:35  SCV x2  
  86  6:44  Supply Depot  
  86  6:46  Supply Depot  
  86  6:47  SCV x2  
  81  7:11  Marine x7  
  81  7:12  Marine  
  81  7:14  SCV x2  
  90  7:20  Barracks Reactor  
  90  7:23  Barracks  
  90  7:26  SCV x2, Siege Tank  
  90  7:28  Marine  
  90  7:29  Supply Depot, Marine x7  
  103  7:46  Marine x2  
  103  7:47  Marine x2  
  101  8:12  Marine x7  
  103  8:13  Marine  
  77  8:29  Marine, Siege Tank  
  77  8:30  Marine x5  
  77  8:32  SCV x2  
  76  8:35  Factory  
  76  8:42  Barracks Reactor, Marine x4  
  76  8:44  SCV x2  
  76  8:47  Marine x2  
  76  8:48  Marine x4  
  88  9:00  Marine x4  
  91  9:05  Marine x3  
  91  9:07  SCV x2  
  91  9:08  Command Center  
  96  9:10  Marine x3  
  96  9:14  Refinery  
  99  9:18  Marine x4  
  99  9:19  SCV x2  
  99  9:20  Refinery  
  99  9:21  Refinery  
  99  9:23  Marine  
  106  9:24  Supply Depot  
  106  9:25  Supply Depot  
  106  9:26  Supply Depot  
  106  9:37  Marine x4  
  106  9:38  Marine x6  
  113  9:39  Marine  
  117  9:57  Marine x6  
  117  9:58  Marine x4  
  118  10:27  Marine x4  
  118  10:28  Marine x7  
  125  10:29  Marine  
  124  10:45  Marine x5  
  124  10:46  Marine x2  
  115  11:07  Marine x2  
  115  11:08  Marine x6  
  115  11:09  Marine x4  
  114  11:25  Marine x3  
  114  11:26  Marine x3  
  112  11:42  Marine x6  
  112  11:43  Marine x3  
  112  11:44  Factory Reactor  
Tags
 
Add a new tag
Caveats
  • Supply blocks, unpowered buildings, or Contaminate may cause inaccurate times.
  • Supply counts are checked every 10 seconds.